 Dungeon Crawl Stone Soup version 0.28.0 (webtiles) character file.

Game seed: 12629884106628436810

196 Fallenstar the Chopper (level 5, -1/47 HPs)
             Began as a Minotaur Fighter on Feb 17, 2022.
             Slain by a gnoll (2 damage)
             ... on level 3 of the Dungeon.
             The game lasted 00:05:12 (2203 turns).

Fallenstar the Chopper (Minotaur Fighter)           Turns: 2203, Time: 00:05:12

Health: -1/47      AC: 13    Str: 22    XL:     5   Next: 45%
Magic:  4/4        EV:  6    Int:  5    God:
Gold:   78         SH:  4    Dex: 10    Spells: 4/4 levels left

rFire   . . .      SeeInvis .   a - +0 war axe
rCold   . . .      Faith    .   c - +0 buckler
rNeg    . . .      Spirit   .   m - +0 plate armour
rPois   .          Reflect  .   (helmet restricted)
rElec   .          Harm     .   (no cloak)
rCorr   .          Rampage  .   (no gloves)
Will    .....                   b - +0 pair of boots
Stlth   ..........              (no amulet)
HPRegen 0.15/turn               (no ring)
MPRegen 0.09/turn               (no ring)

@: no status effects
A: horns 2, retaliatory headbutt
a: no special abilities


You were on level 3 of the Dungeon.
You visited 1 branch of the dungeon, and saw 3 of its levels.

You collected 78 gold pieces.

Inventory:

Hand Weapons
 a - a +0 war axe (weapon)
Armour
 b - a +0 pair of boots (worn)
 c - a +0 buckler (worn)
 m - a +0 plate armour (worn)
Scrolls
 e - 2 scrolls of brand weapon {unknown}
 g - a scroll of amnesia {unknown}
 h - a scroll of immolation {unknown}
 i - a scroll of enchant armour {unknown}
 n - a scroll of teleportation {unknown}
 o - a scroll of identify {unknown}
Potions
 d - a potion of might
 f - 2 potions of magic {unknown}
 j - a potion of curing {unknown}
 k - a potion of lignification {unknown}
 l - a potion of flight {unknown}


   Skills:
 + Level 4.5 Fighting
 + Level 4.9 Axes
 + Level 4.9 Armour
 + Level 4.2 Shields


You had 4 spell levels left.
You didn't know any spells.
Your spell library contained the following spells:

 Spells                   Type           Power      Damage    Failure   Level
 Animate Dead             Necr           0%         N/A       100%        4
 Haunt                    Necr/Summ      0%         N/A       100%        7
 Infestation              Necr           0%         N/A       100%        8


Dungeon Overview and Level Annotations

Branches:
Dungeon (3/15)

Altars:


Innate Abilities, Weirdness & Mutations

You have a pair of horns on your head.
You reflexively headbutt those who attack you in melee.


Message History

You block the ogre's attack.
Things that are here:
a +0 flail; a +0 club You completely miss the ogre.
The ogre hits you with a +0 giant club!
You hit the ogre. You headbutt the ogre!
The ogre is heavily wounded.
The ogre hits you with a +0 giant club!
You are too injured to fight recklessly!
You slash the ogre!
The ogre is almost dead.
The ogre hits you with a +0 giant club!
* * * LOW HITPOINT WARNING * * *
Okay, then.
You slash the ogre!
You kill the ogre!
You have reached level 5!
You start resting.
A gnoll comes into view. It is wielding a +0 halberd.
A gnoll is nearby!
The gnoll shouts!
The gnoll throws a throwing net.
The throwing net hits you.
You become entangled in the net!
Things that are here:
a throwing net; a +0 giant club; an ogre corpse You struggle against the net.
A gnoll comes into view. It is wielding a +0 spear.
You struggle against the net.
The gnoll shouts!
You struggle against the net.
You struggle against the net.
You struggle against the net.
The gnoll drinks a potion.
The gnoll flickers and vanishes!
Deactivating autopickup; reactivate with Ctrl-A.
The gnoll hits you from afar with a +0 halberd!
* * * LOW HITPOINT WARNING * * *
You rip the net and break free!
The gnoll hits you from afar with a +0 halberd!
* * * LOW HITPOINT WARNING * * *
Found 11 gold pieces.
Something hits you.
You die...

#.# ##.#
#.# #.#
#.## #.#
#.# #..#
#.# ##.#
#.# #.#
..######.##
........))#
$.....#)#.#
...##.@#.[#
.. #.g....#
#......##
#....#...#
#........#
.....#.....
.......
.#..#
........
.#..#


You could see a gnoll.

Vanquished Creatures
  An ogre (D:3)
  2 gnolls (D:3)
  3 adders
  A worm (D:2)
  4 dart slugs
  3 orcs (D:3)
  4 ball pythons
  3 endoplasms
  A giant cockroach (D:1)
  6 goblins
  3 hobgoblins
  3 jackals (D:1)
  A quokka (D:2)
  6 bats
  A frilled lizard (D:1)
  2 kobolds
  5 rats
49 creatures vanquished.

Notes
Turn   | Place    | Note
-------+----------+-------------------------------------------
     0 | D:1      | Fallenstar the Minotaur Fighter began the quest for the
                  | Orb.
     0 | D:1      | Reached XP level 1. HP: 19/19 MP: 0/0
   203 | D:1      | Reached XP level 2. HP: 26/27 MP: 1/1
   317 | D:1      | Found a faded altar of an unknown god.
   626 | D:1      | Reached XP level 3. HP: 33/33 MP: 2/2
  1691 | D:3      | Reached XP level 4. HP: 37/40 MP: 3/3
  2083 | D:3      | Noticed an ogre
  2092 | D:3      | Killed an ogre
  2093 | D:3      | Reached XP level 5. HP: 6/47 MP: 4/4
  2202 | D:3      | HP: 1/47 [gnoll (12)]
  2203 | D:3      | Slain by a gnoll

Illustrated notes

Levels and vault maps discovered:
D:1:      dpeg_arrival_water_fire, layout_basic, shapermc_ecumenical_altar_venn
D:2:      layout_loops_ring
D:3:      layout_basic, minmay_misc_feat_secret_circle,
          kennysheep_generic_room_3

Skill      XL: |  1  2  3  4 |
---------------+-------------+-----
Shields        | 4 |  4.2
Fighting       | 4 |  4.5
Axes           | 3 4 |  4.9
Armour         | 4 |  4.9

Action                   |  1- 3 |  4- 6 || total
-------------------------+-------+-------++-------
Melee: War axe           |    79 |    21 ||   100
       Headbutt          |    11 |     3 ||    14
Armor: Scale mail        |    34 |       ||    34
       Plate armour      |       |    14 ||    14
Dodge: Dodged            |    36 |     6 ||    42
Block: Buckler           |    19 |     1 ||    20
